 Dungeon Crawl Stone Soup version 0.13-a0-2485-g242ae62 (webtiles) character file.

3124 Kae the Covert (level 9, -1/39 HPs)
             Began as a Spriggan Enchanter on July 21, 2013.
             Was an Elder of Nemelex Xobeh.
             Slain by a giant slug (20 damage)
             ... in a sewer.
             The game lasted 00:28:55 (11013 turns).

Kae the Covert (Spriggan Enchanter)                Turns: 11013, Time: 00:28:55

HP  -1/39        AC  4     Str  6      XL: 9   Next: 47%
MP  21/26        EV 18     Int 18      God: Nemelex Xobeh [****..]
Gold 260         SH 15     Dex 16      Spells:  3 memorised, 15 levels left

Res.Fire  : . . .   See Invis. : +   p - +1,+3 dagger (venom) (curse)
Res.Cold  : . . .   Warding    : .   b - +2 robe
Life Prot.: . . .   Conserve   : +   s - +0 buckler (curse)
Res.Poison: .       Res.Corr.  : .   (helmet restricted)
Res.Elec. : .       Clarity    : .   (no cloak)
Sust.Abil.: . .     Spirit.Shd : .   (gloves unavailable)
Res.Mut.  : .       Stasis     : .   (boots unavailable)
Res.Rott. : .       Flight     : .   B - amulet of conservation
Saprovore : . . .                    g - ring of invisibility
                                     j - cursed +1 ring of evasion

@: very quick, quite resistant to hostile enchantments, very stealthy
A: unfitting armour, see invisible, herbivore 3, speed 3, slow metabolism 2
a: Draw One, Peek at Two, Triple Draw, Deal Four, Renounce Religion, Evoke
Invisibility


You were in a sewer.
You worshipped Nemelex Xobeh.
Nemelex Xobeh was extremely pleased with you.
You were very hungry.

You visited 1 branch of the dungeon, and saw 6 of its levels.
You also visited: Sewer and Ossuary.

You collected 240 gold pieces.

Inventory:

Hand weapons
 a - a +1,+1 dagger {=f}
 p - a cursed +1,+3 dagger of venom (weapon)
Missiles
 d - 12 darts (quivered)
Armour
 b - a +2 robe (worn)
 s - a cursed +0 buckler (worn)
 K - a +0 cloak
Comestibles
 k - a pear
 r - a lychee
 u - a choko
 A - 3 bread rations
Scrolls
 f - 2 scrolls of teleportation
 n - 2 scrolls of remove curse
 t - 3 scrolls of fear
 y - a scroll of enchant weapon II
 C - 3 scrolls of fog
 F - 3 scrolls of blinking
 I - 2 scrolls of identify
 L - a scroll of amnesia
Jewellery
 g - a ring of invisibility (right hand)
 j - a cursed +1 ring of evasion (left hand)
 o - a cursed amulet of clarity
 B - an amulet of conservation (around neck)
 G - a +2 ring of dexterity
Potions
 e - 2 potions of speed {unknown}
 h - a potion of might {unknown}
 i - a potion of restore abilities {unknown}
 l - 3 potions of heal wounds {unknown}
 m - a potion of paralysis {unknown}
 x - a potion of magic {unknown}
 z - 3 potions of curing
 D - a potion of confusion {unknown}
 E - a potion of slowing {unknown}
 H - a potion of degeneration {unknown}
 M - a potion of poison {unknown}
 N - a potion of blood {unknown}
Books
 c - a book of Maledictions

   Spells                             Type                      Level
   *Corona                            Hexes                        1
   Sure Blade                         Hexes/Charms                 2
   *Ensorcelled Hibernation           Hexes/Ice                    2
   *Confuse                           Hexes                        3
   Enslavement                        Hexes                        4
   Invisibility                       Hexes                        6
Miscellaneous
 q - a plain deck of wonders {drawn: 2}
 v - a plain deck of destruction
 w - a plain deck of summonings
 J - a plain deck of destruction


   Skills:
 + Level 6.3 Short Blades
 - Level 1.1 Throwing
 - Level 3.0 Dodging
 + Level 9.3 Stealth
 * Level 4.9 Shields
 + Level 6.8 Spellcasting
 + Level 7.6 Hexes


You had 15 spell levels left.
You knew the following spells:

 Your Spells              Type           Power        Failure   Level  Hunger
a - Corona                Hex            ####...      1%          1    None
b - Ensorcelled Hibernat  Hex/Ice        ###...       3%          2    None
c - Confuse               Hex            ####....     1%          3    ##.....


Dungeon Overview and Level Annotations

Branches:
Dungeon (6/27)
 Temple: D:4-7          Orc: D:6-11

Altars:
Kikubaaqudgha
Nemelex Xobeh
Trog
Zin

Shops:
D:5: }

Annotations
D:5 Menkaure


Innate Abilities, Weirdness & Mutations

You are tiny and cannot use many weapons and most armour.
You have supernaturally acute eyesight.
You are a herbivore.
You cover ground extremely quickly.
You need consume almost no food.


Message History

Aim: a giant slug The giant slug appears confused.
You enter the shallow water.
Moving in this stuff is going to be slow.
You catch the helpless giant slug completely off-guard!
You impale the giant slug!!
The giant slug is poisoned.
The giant slug is heavily wounded.
You hit the giant slug.
The giant slug is heavily wounded.
The giant slug bites you!
Ouch! That really hurt!
You hit the giant slug.
The giant slug looks even sicker.
The giant slug is heavily wounded.
The giant slug seems less confused.
You hit the giant slug.
The giant slug looks even sicker.
The giant slug is severely wounded.
The giant slug bites you!
Ouch! That really hurt!
You die...
Your body glows with a rainbow of weird colours and disappears.

### # ### ##...
..## #$)
###...≈≈≈≈≈..##
#!.##≈..≈.# #.≈.≈.
###.....# #≈≈.
#.....≈## ##..
###≈≈.≈≈### ###...
#?@##....≈####.≈...
#(j####..≈....≈≈.##
#### ###.≈....###
########


You could see a giant slug.

Vanquished Creatures
  Pikel (D:5)
  Prince Ribbit (D:4)
  An ice beast (D:5)
  2 sky beasts (D:5)
  3 ogres (D:5)
  A phantom (D:5)
  A centaur (D:5)
  4 slaves (D:5)
  Blork the orc (D:5)
  4 gnoll sergeants (D:5)
  2 crimson imps (D:5)
  A water moccasin zombie (D:5)
  Crazy Yiuf (D:5)
  A scorpion (D:5)
  An orc priest (D:4)
  5 hounds
  An iguana (D:4)
  3 orc wizards
  3 gnoll shamans (D:5)
  A worker ant (D:5)
  Ijyb (D:5)
  4 mummies (Ossuary)
  37 gnolls (D:5)
  7 adders
  3 giant centipedes (D:6)
  3 giant mites
  5 worms
  An adder zombie (D:5)
  A giant gecko (D:6)
  8 orcs
  7 giant cockroaches
  6 gnoll zombies (Ossuary)
  9 hobgoblins
  11 jackals
  14 kobolds
  4 ball pythons
  10 bats
  5 giant newts
  2 gnoll skeletons (Ossuary)
  12 goblins
  2 goblin skeletons
  2 goblin zombies (Ossuary)
  3 hobgoblin skeletons (Ossuary)
  A hobgoblin zombie (Ossuary)
  A jackal zombie (D:5)
  4 kobold skeletons (Ossuary)
  3 kobold zombies (Ossuary)
  An orc skeleton (Ossuary)
  3 orc zombies (Ossuary)
  5 quokkas
  A quokka skeleton (D:4)
  13 rats
  3 rat skeletons (Ossuary)
  3 rat zombies
  A fungus (D:5)
234 creatures vanquished.

Vanquished Creatures (others)
  A wizard (D:3)
  2 gnoll skeletons (Ossuary)
  A gnoll zombie (Ossuary)
  2 goblin skeletons (Ossuary)
  A goblin zombie (Ossuary)
  2 kobold skeletons (Ossuary)
  2 kobold zombies (Ossuary)
  3 orc skeletons (Ossuary)
  3 orc zombies (Ossuary)
  2 rat skeletons (Ossuary)
  A rat zombie (Ossuary)
20 creatures vanquished.

Grand Total: 254 creatures vanquished

Notes
Turn   | Place    | Note
--------------------------------------------------------------
     0 | D:1      | Kae, the Spriggan Enchanter, began the quest for the Orb.
     0 | D:1      | Reached XP level 1. HP: 9/9 MP: 4/4
   498 | D:1      | Reached XP level 2. HP: 8/13 MP: 6/6
   602 | D:1      | Learned a level 2 spell: Ensorcelled Hibernation
  1824 | D:2      | Reached XP level 3. HP: 16/16 MP: 9/9
  1829 | D:2      | Learned a level 3 spell: Confuse
  1876 | D:2      | Reached skill level 4 in Hexes
  2005 | D:2      | Found a sparkling altar of Nemelex Xobeh.
  2026 | D:2      | Became a worshipper of Nemelex Xobeh
  2372 | D:2      | Received a gift from Nemelex Xobeh
  2618 | D:2      | Reached XP level 4. HP: 21/21 MP: 12/12
  2970 | D:2      | Acquired Nemelex Xobeh's first power
  3632 | D:3      | Found a bloodstained altar of Trog.
  3632 | D:3      | Noticed a wizard
  3641 | D:3      | Killed a wizard
  4073 | D:4      | Reached XP level 5. HP: 19/24 MP: 11/15
  4285 | D:4      | Reached skill level 5 in Stealth
  4334 | D:4      | Found an ancient bone altar of Kikubaaqudgha.
  4334 | D:4      | Found a glowing silver altar of Zin.
  4381 | D:4      | Acquired Nemelex Xobeh's second power
  4381 | D:4      | Received a gift from Nemelex Xobeh
  4790 | D:4      | Noticed Prince Ribbit
  5282 | D:4      | Killed Prince Ribbit
  5282 | D:4      | Reached skill level 6 in Stealth
  5282 | D:4      | Reached skill level 5 in Hexes
  5282 | D:4      | Reached XP level 6. HP: 12/28 MP: 2/19
  5470 | D:5      | Entered Level 5 of the Dungeon
  5471 | D:5      | Noticed Ijyb
  5569 | D:5      | Noticed Blork the orc
  5627 | D:5      | Killed Ijyb
  5648 | D:5      | Found a sand-covered staircase.
  5700 | Ossuary  | Entered an ossuary
  6196 | Ossuary  | Reached XP level 7. HP: 32/32 MP: 1/21
  6634 | D:5      | Reached skill level 1 in Shields
  6720 | D:5      | Noticed Menkaure
  7075 | D:5      | HP: 1/32 [gnoll/flail (14)]
  7705 | D:5      | Reached skill level 5 in Spellcasting
  7800 | D:5      | Reached skill level 7 in Stealth
  7823 | D:5      | Reached XP level 8. HP: 36/36 MP: 15/23
  7944 | D:5      | Reached skill level 5 in Short Blades
  7963 | D:5      | Acquired Nemelex Xobeh's third power
  7963 | D:5      | Received a gift from Nemelex Xobeh
  8825 | D:5      | Reached skill level 8 in Stealth
  9318 | D:5      | Noticed Pikel
  9338 | D:5      | Killed Pikel
  9338 | D:5      | Reached XP level 9. HP: 27/39 MP: 8/26
  9656 | D:5      | Acquired Nemelex Xobeh's fourth power
  9946 | D:5      | Received a gift from Nemelex Xobeh
  9987 | D:5      | Reached skill level 9 in Stealth
 10237 | D:5      | Noticed Crazy Yiuf
 10245 | D:5      | Killed Crazy Yiuf
 10293 | D:5      | Killed Blork the orc
 10339 | D:5      | Found Wumumy's Gadget Boutique.
 10586 | D:6      | Found a glowing drain.
 10621 | Sewer    | Entered a sewer
 11013 | Sewer    | Slain by a giant slug

Action                   |  1- 3 |  4- 6 |  7- 9 || total
-------------------------+-------+-------+-------++-------
Melee: Dagger            |   173 |   238 |   212 ||   623
 Cast: Corona            |     7 |     5 |     2 ||    14
       Ensorcelled Hiber |     6 |    28 |   163 ||   197
       Confuse           |       |     7 |    14 ||    21
 Abil: Evoke Invisibilit |       |     1 |       ||     1
Evoke: Deck              |     2 |       |       ||     2
  Use: Scroll            |       |    18 |     5 ||    23
       Potion            |       |     1 |     3 ||     4
 Stab: Sleeping          |     9 |    17 |    85 ||   111
       Distracted        |       |     2 |     1 ||     3
       Confused          |       |     2 |     9 ||    11
